[Event "FIDE WCCC Girls-10 2024"]
[Site "Montesilvano"]
[Date "2024.11.25"]
[Round "10.17"]
[White "Tu, Tiffany"]
[Black "Foong, Livia"]
[Result "1-0"]
[ECO "B40"]
[WhiteElo "1687"]
[BlackElo "1461"]
[Annotator "NA RC"]
[PlyCount "129"]
[EventDate "2024.11.18"]
[EventType "swiss"]
[EventCountry "ITA"]
[SourceTitle "playchess.com"]
[Source "ChessBase"]
[SourceQuality "1"]
[TimeControl "5400+30"]

1. e4 e6 2. Nf3 d5 3. e5 c5 4. c3 Nc6 5. Na3 Nge7 6. Nc2 Ng6 7. d4 Be7 8. Bd3 O-O 9. O-O Bd7 10. Be3 Qb6 11. Qd2 f6 12. exf6 cxd4 13. fxe7 Rxf3 14. gxf3 dxe3 15. fxe3 Ncxe7 16. Kh1 e5 17. Bxg6 Qxg6 18. Rg1 Qh5 19. Qg2 g6 20. f4 d4 21. e4 exf4 22. Nxd4 Nc6 23. Qg5 Qh3 24. Qxf4 Rf8 25. Qg3 Qh5 26. Qg5 Qh3 27. Rg3 Rf1+ 28. Rxf1 Qxf1+ 29. Rg1 Qf7 30. Qd5 Qxd5 31. exd5 Nxd4 32. cxd4 Bf5 33. Re1 Kf8 34. d6 Bd7 35. d5 h5 36. Kg2 b5 37. b4 a6 38. a3 Bf5 39. Kg3 Kf7 40. Re7+ Kf6 41. h4 Bg4 42. Ra7 g5 43. d7 gxh4+ 44. Kxh4 Ke7 45. d6+ Kd8 46. Kg5 Bd1 47. Kf4 h4 48. Ke5 h3 49. Ra8+ Kxd7 50. Rxa6 Bf3 51. Ra7+ Kd8 52. Rh7 Bg4 53. Rh4 Bc8 54. Rh8+ Kd7 55. Rxh3 Kc6 56. Rc3+ Kd7 57. Rxc8 Kxc8 58. Ke6 Kd8 59. d7 Kc7 60. Ke7 Kc6 61. d8=Q Kb7 62. Kd6 Ka6 63. Kc6 Ka7 64. Qc7+ Ka8 65. Qb7# 1-0

[Event "FIDE WCCC Girls-10 2024"]
[Site "Montesilvano"]
[Date "2024.11.25"]
[Round "10.18"]
[White "Ahmadli, Mehriban"]
[Black "Meng, Miranda"]
[Result "1/2-1/2"]
[ECO "B15"]
[WhiteElo "1624"]
[BlackElo "1675"]
[Annotator "NA RC"]
[PlyCount "135"]
[EventDate "2024.11.18"]
[EventType "swiss"]
[EventCountry "ITA"]
[SourceTitle "playchess.com"]
[Source "ChessBase"]
[SourceQuality "1"]
[TimeControl "5400+30"]

1. e4 c6 2. d4 d5 3. Nc3 dxe4 4. Nxe4 Nf6 5. Nxf6+ exf6 6. c3 Bd6 7. Bd3 O-O 8. Ne2 Re8 9. Qc2 h5 10. O-O h4 11. Bf4 Bxf4 12. Nxf4 Qd6 13. Qd2 Nd7 14. Rfe1 Rd8 15. g3 Nf8 16. Bc2 b6 17. Qd3 g6 18. Qf3 Nh7 19. gxh4 Bb7 20. Qg4 Kh8 21. Re3 f5 22. Qg3 c5 23. dxc5 Qxc5 24. Rae1 Qc6 25. f3 Re8 26. Bb3 g5 27. hxg5 Rxe3 28. Rxe3 Qc5 29. Ng2 Re8 30. Qf2 Rxe3 31. Qxe3 Nxg5 32. Qxc5 Nxf3+ 33. Kf2 bxc5 34. Bxf7 Nxh2 35. Ne3 f4 36. Nd5 Ng4+ 37. Kg1 Ne5 38. Be6 f3 39. Kf2 Kg7 40. Nf4 Kf6 41. Bh3 c4 42. Ke3 Kg5 43. Ne6+ Kh4 44. Bf1 Kg3 45. Ng5 f2 46. Kd2 Bg2 47. Ke2 Nd3 48. a4 Nf4+ 49. Ke3 Bxf1 50. Ne4+ Kg4 51. Nxf2+ Kf5 52. Ne4 Nd5+ 53. Kd4 Nb6 54. Ng3+ Ke6 55. Nxf1 Nxa4 56. Kxc4 Nxb2+ 57. Kb5 Nd1 58. c4 Kd6 59. Nd2 Ne3 60. Ne4+ Kc7 61. Nc5 Nxc4 62. Kxc4 Kb6 63. Na4+ Kc6 64. Kb4 Kb7 65. Kb5 a6+ 66. Ka5 Ka7 67. Nc5 Kb8 68. Nxa6+ 1/2-1/2

[Event "FIDE WCCC Girls-10 2024"]
[Site "Montesilvano"]
[Date "2024.11.25"]
[Round "10.19"]
[White "Isakhanyan, Nare"]
[Black "Constantin-Ciuntu, Anne-Sophie"]
[Result "0-1"]
[ECO "A53"]
[WhiteElo "1540"]
[BlackElo "1672"]
[Annotator "NA RC"]
[PlyCount "92"]
[EventDate "2024.11.18"]
[EventType "swiss"]
[EventCountry "ITA"]
[SourceTitle "playchess.com"]
[Source "ChessBase"]
[SourceQuality "1"]
[TimeControl "5400+30"]

1. c4 d6 2. Nc3 Nf6 3. d4 Nbd7 4. e4 e5 5. d5 Be7 6. Nf3 Nc5 7. Bd3 Nxd3+ 8. Qxd3 Bg4 9. O-O O-O 10. Bd2 c6 11. Ne2 Qd7 12. Ng3 Nh5 13. Nxh5 Bxh5 14. dxc6 Qxc6 15. b3 f5 16. Qd5+ Qxd5 17. exd5 Bxf3 18. gxf3 f4 19. a4 Rf5 20. Rfe1 Raf8 21. h3 R8f6 22. Re2 Rh5 23. Rae1 Rxh3 24. Kg2 Rhh6 25. Re4 Rfg6+ 26. Kf1 Rh1+ 27. Ke2 Rxe1+ 28. Kxe1 Rg1+ 29. Ke2 Kf7 30. Bc3 h5 31. Kd2 h4 32. Re1 Rxe1 33. Kxe1 Kf6 34. Kf1 Kf5 35. Kg2 g5 36. Kh3 e4 37. fxe4+ Kxe4 38. Kg4 Kd3 39. Ba5 b6 40. Bb4 a5 41. Be1 Ke2 42. Bc3 Kxf2 43. Bd4+ Kg2 44. Bxb6 h3 45. Bg1 Kxg1 46. Kxh3 f3 0-1

[Event "FIDE WCCC Girls-10 2024"]
[Site "Montesilvano"]
[Date "2024.11.25"]
[Round "10.20"]
[White "Tykalova, Barbora"]
[Black "Wang, Yi Xuan"]
[Result "1-0"]
[ECO "B39"]
[WhiteElo "1596"]
[BlackElo "1668"]
[Annotator "NA RC"]
[PlyCount "73"]
[EventDate "2024.11.18"]
[EventType "swiss"]
[EventCountry "ITA"]
[SourceTitle "playchess.com"]
[Source "ChessBase"]
[SourceQuality "1"]
[TimeControl "5400+30"]

1. e4 c5 2. Nf3 g6 3. d4 cxd4 4. Nxd4 Bg7 5. c4 Nc6 6. Be3 Nf6 7. Nc3 Ng4 8. Qxg4 Nxd4 9. Qd1 Ne6 10. Rc1 b6 11. g3 Bb7 12. Bg2 Rc8 13. b3 O-O 14. O-O Nc5 15. Re1 h5 16. Qd2 e6 17. Bh6 Bxh6 18. Qxh6 Nd3 19. Rcd1 Nxe1 20. Rxe1 a6 21. e5 Bxg2 22. Kxg2 Rc5 23. b4 Rxc4 24. Ne4 Rxe4 25. Rxe4 Qa8 26. f3 Rc8 27. g4 hxg4 28. Rxg4 Rc2+ 29. Kg3 Qf8 30. Qg5 Rb2 31. a3 Rb1 32. Kh3 Qc8 33. Rh4 Rb2 34. Qf6 Rxh2+ 35. Kxh2 Qc2+ 36. Kg3 Kf8 37. Rh8# 1-0

[Event "FIDE WCCC Girls-10 2024"]
[Site "Montesilvano"]
[Date "2024.11.25"]
[Round "10.21"]
[White "Poliak, Margarita"]
[Black "Mandukhai, Munkhbat"]
[Result "1/2-1/2"]
[ECO "C56"]
[WhiteElo "1514"]
[BlackElo "1645"]
[Annotator "NA RC"]
[PlyCount "33"]
[EventDate "2024.11.18"]
[EventType "swiss"]
[EventCountry "ITA"]
[SourceTitle "playchess.com"]
[Source "ChessBase"]
[SourceQuality "1"]
[TimeControl "5400+30"]

1. e4 e5 2. Nf3 Nc6 3. Bc4 Nf6 4. d4 exd4 5. e5 d5 6. Bb5 Ne4 7. Nxd4 Bc5 8. Be3 Bxd4 9. Bxd4 O-O 10. Bxc6 bxc6 11. O-O Qh4 12. f3 Ng5 13. Bf2 Qh5 14. Nc3 Qg6 15. Kh1 Bf5 16. Rc1 h5 17. Ne2 1/2-1/2

[Event "FIDE WCCC Girls-10 2024"]
[Site "Montesilvano"]
[Date "2024.11.25"]
[Round "10.22"]
[White "Mohamed Ahmed, Ghidaa"]
[Black "Wang, Mi Ya Mia"]
[Result "1/2-1/2"]
[ECO "A12"]
[WhiteElo "1638"]
[BlackElo "1552"]
[Annotator "NA RC"]
[PlyCount "81"]
[EventDate "2024.11.18"]
[EventType "swiss"]
[EventCountry "ITA"]
[SourceTitle "playchess.com"]
[Source "ChessBase"]
[SourceQuality "1"]
[TimeControl "5400+30"]

1. b3 d5 2. Bb2 Bg4 3. Nf3 Nd7 4. e3 e6 5. Be2 Ngf6 6. c4 c6 7. O-O Bd6 8. d3 O-O 9. h3 Bh5 10. Nbd2 Rc8 11. Rc1 Qe7 12. Nd4 Bxe2 13. Qxe2 a6 14. cxd5 cxd5 15. N4f3 Nc5 16. Rfd1 b5 17. Nf1 Rfd8 18. N3h2 Ncd7 19. Ng4 Nxg4 20. Qxg4 Be5 21. Bxe5 Nxe5 22. Qe2 Qb4 23. d4 Nd7 24. Qd2 Qa3 25. Rc2 Nb6 26. Rdc1 Qe7 27. Qa5 Rxc2 28. Rxc2 Qb7 29. a4 bxa4 30. bxa4 h6 31. Nd2 Rc8 32. Rxc8+ Nxc8 33. Qc3 Ne7 34. Nb3 Nc6 35. Nc5 Qb6 36. Nd7 Qb7 37. Nc5 Qb6 38. Nd7 Qb7 39. Nc5 Qb6 40. Nd7 Qb7 41. Nc5 1/2-1/2

[Event "FIDE WCCC Girls-10 2024"]
[Site "Montesilvano"]
[Date "2024.11.25"]
[Round "10.23"]
[White "Blakhina Viktoryia"]
[Black "Billod-Laillet, Camille"]
[Result "1-0"]
[ECO "D02"]
[WhiteElo "1436"]
[BlackElo "1732"]
[Annotator "NA RC"]
[PlyCount "97"]
[EventDate "2024.11.18"]
[EventType "swiss"]
[EventCountry "ITA"]
[SourceTitle "playchess.com"]
[Source "ChessBase"]
[SourceQuality "1"]
[TimeControl "5400+30"]

1. d4 d5 2. Bf4 Nf6 3. Nf3 e6 4. e3 c5 5. c3 Bd6 6. Ne5 Qc7 7. Nd2 Nbd7 8. Ndf3 h6 9. h4 a6 10. Bd3 c4 11. Bc2 b5 12. a3 Ng8 13. Nxd7 Qxd7 14. Bxd6 Qxd6 15. Ne5 h5 16. Qf3 Nf6 17. Rh3 Qc7 18. Qf4 Ng4 19. Qg5 Qe7 20. Qxg7 Qf6 21. Qxf6 Nxf6 22. a4 Bb7 23. axb5 axb5 24. Rxa8+ Bxa8 25. Rh1 Ke7 26. Kd2 Ne4+ 27. Bxe4 dxe4 28. Ra1 Rf8 29. Ra7+ Kf6 30. Nd7+ Kg7 31. Nxf8 Bc6 32. Nd7 Kg8 33. Rc7 Bd5 34. Nb6 Kg7 35. Nxd5 exd5 36. Rc5 Kf6 37. Rxd5 Ke6 38. Rxh5 Kd6 39. Rxb5 f5 40. Rxf5 Ke6 41. Rf4 Kd5 42. h5 Kd6 43. h6 Kd5 44. h7 Kd6 45. h8=Q Ke6 46. Qf6+ Kd7 47. Rg4 Kc7 48. Rg7+ Kc8 49. Qf8# 1-0

[Event "FIDE WCCC Girls-10 2024"]
[Site "Montesilvano"]
[Date "2024.11.25"]
[Round "10.24"]
[White "Minzat, Victoria"]
[Black "Tran Hoang Bao An"]
[Result "0-1"]
[ECO "B47"]
[WhiteElo "1505"]
[BlackElo "1714"]
[Annotator "NA RC"]
[PlyCount "118"]
[EventDate "2024.11.18"]
[EventType "swiss"]
[EventCountry "ITA"]
[SourceTitle "playchess.com"]
[Source "ChessBase"]
[SourceQuality "1"]
[TimeControl "5400+30"]

1. e4 c5 2. Nf3 e6 3. d4 cxd4 4. Nxd4 Nc6 5. Nc3 Qc7 6. g3 a6 7. Bg2 Nf6 8. O-O Bc5 9. Nb3 Be7 10. Re1 O-O 11. Bf4 d6 12. Be3 Ne5 13. h3 Nc4 14. Rb1 Nxb2 15. Rxb2 Qxc3 16. Bd4 Qc7 17. e5 Ne8 18. exd6 Bxd6 19. Qd2 Bd7 20. Na5 Bc6 21. Nxb7 Bxg2 22. Kxg2 Rb8 23. Reb1 Ba3 24. Rb3 Nd6 25. Nxd6 Bxd6 26. Qc3 e5 27. Qxc7 Bxc7 28. Rxb8 Rxb8 29. Rxb8+ Bxb8 30. Bc5 f5 31. Kf3 Kf7 32. Ke2 Ke6 33. Bf8 g6 34. Kd3 Ba7 35. f3 h5 36. Ke2 Kd5 37. Bb4 Kc4 38. Be1 Bb6 39. Bd2 a5 40. g4 hxg4 41. fxg4 f4 42. h4 a4 43. h5 g5 44. h6 Bd8 45. Ba5 Bf6 46. h7 e4 47. a3 f3+ 48. Ke1 e3 49. Bb4 Be5 50. Kf1 Kd5 51. Kg1 Ke4 52. c4 f2+ 53. Kg2 Kd3 54. Kf1 Bd4 55. Kg2 e2 56. h8=Q f1=Q+ 57. Kh2 Bg1+ 58. Kg3 Qf2+ 59. Kh3 Qh2# 0-1

[Event "FIDE WCCC Girls-10 2024"]
[Site "Montesilvano"]
[Date "2024.11.25"]
[Round "10.25"]
[White "Trzcinska, Weronika"]
[Black "Aragonda, Sahasra"]
[Result "1/2-1/2"]
[ECO "B30"]
[WhiteElo "1653"]
[BlackElo "1526"]
[Annotator "NA RC"]
[PlyCount "89"]
[EventDate "2024.11.18"]
[EventType "swiss"]
[EventCountry "ITA"]
[SourceTitle "playchess.com"]
[Source "ChessBase"]
[SourceQuality "1"]
[TimeControl "5400+30"]

1. e4 c5 2. Nf3 g6 3. Nc3 Bg7 4. Bc4 Nc6 5. O-O e6 6. h3 Nge7 7. d3 O-O 8. Bf4 d5 9. exd5 exd5 10. Bb5 h6 11. Re1 Be6 12. Bxc6 Nxc6 13. Ne5 Nxe5 14. Bxe5 Qg5 15. Bxg7 Kxg7 16. Qf3 Rad8 17. Qg3 Qxg3 18. fxg3 b6 19. Ne2 g5 20. g4 Rfe8 21. Ng3 Kg6 22. Re2 Bc8 23. Rf2 Re7 24. Raf1 Rd6 25. Nh5 d4 26. Rf6+ Rxf6 27. Rxf6+ Kh7 28. Kf2 Be6 29. Rf3 Bxa2 30. Nf6+ Kg6 31. c3 dxc3 32. bxc3 Re6 33. Nd7 Rd6 34. Ne5+ Kg7 35. c4 Rf6 36. Rxf6 Kxf6 37. Nc6 a5 38. Ke3 a4 39. Na7 Bb3 40. Nb5 Ke5 41. g3 f5 42. gxf5 Kxf5 43. Nd6+ Ke5 44. Nb5 h5 45. Na3 1/2-1/2

[Event "FIDE WCCC Girls-10 2024"]
[Site "Montesilvano"]
[Date "2024.11.25"]
[Round "10.26"]
[White "Saltkhutsishvili, Sara"]
[Black "Artemenko, Isabella"]
[Result "0-1"]
[ECO "C55"]
[WhiteElo "1546"]
[BlackElo "1637"]
[Annotator "NA RC"]
[PlyCount "114"]
[EventDate "2024.11.18"]
[EventType "swiss"]
[EventCountry "ITA"]
[SourceTitle "playchess.com"]
[Source "ChessBase"]
[SourceQuality "1"]
[TimeControl "5400+30"]

1. e4 e5 2. Nf3 Nc6 3. Bc4 Nf6 4. d3 Be7 5. O-O O-O 6. Nc3 d6 7. h3 Na5 8. Bb3 Nxb3 9. axb3 c6 10. Re1 Ne8 11. d4 exd4 12. Nxd4 Nc7 13. Be3 c5 14. Ndb5 Nxb5 15. Nxb5 a6 16. Nc3 Be6 17. f4 f5 18. Qd2 fxe4 19. Nxe4 Qc7 20. Nc3 Kh8 21. Bf2 Bg8 22. Bg3 Bf6 23. Rad1 Rad8 24. Ne2 Qb6 25. Bf2 Qc6 26. Nc3 d5 27. Kh1 d4 28. Ne4 Bd5 29. Nxf6 Bxg2+ 30. Kh2 gxf6 31. Bh4 Bf3 32. Ra1 Rg8 33. Rg1 Rxg1 34. Rxg1 Rg8 35. Bg3 f5 36. c3 Qd5 37. Qf2 Be4 38. c4 Qd6 39. Rd1 Rg6 40. b4 b6 41. bxc5 bxc5 42. b4 d3 43. bxc5 Qd7 44. Rb1 Qd8 45. Rb2 Kg8 46. Qd2 Qd4 47. h4 Qxc4 48. Qa5 Qd4 49. Rb8+ Kg7 50. Qd2 Qxc5 51. Rb2 a5 52. Bf2 Rg2+ 53. Kh3 Qc6 54. Bd4+ Kf7 55. Bf2 Qg6 56. Rb7+ Bxb7 57. Qa2+ Qe6 0-1

[Event "FIDE WCCC Girls-10 2024"]
[Site "Montesilvano"]
[Date "2024.11.25"]
[Round "10.27"]
[White "Abibulla, Inzhu"]
[Black "Malcheva, Niya"]
[Result "0-1"]
[ECO "C41"]
[WhiteElo "1499"]
[BlackElo "1620"]
[Annotator "NA RC"]
[PlyCount "62"]
[EventDate "2024.11.18"]
[EventType "swiss"]
[EventCountry "ITA"]
[SourceTitle "playchess.com"]
[Source "ChessBase"]
[SourceQuality "1"]
[TimeControl "5400+30"]

1. e4 e5 2. Nf3 d6 3. d4 exd4 4. Nxd4 Nf6 5. Nc3 Be7 6. Bc4 O-O 7. O-O Re8 8. Be3 Bf8 9. Bd3 Nbd7 10. Qd2 Nc5 11. f3 h6 12. Bb5 Bd7 13. Bxd7 Qxd7 14. Kh1 d5 15. exd5 Nxd5 16. Nxd5 Qxd5 17. Qf2 Qe5 18. Rfe1 Rad8 19. Rad1 Qd5 20. b3 a6 21. c4 Qh5 22. Rd2 Bd6 23. g3 Nd7 24. Red1 Bb4 25. Re2 Ne5 26. Bf4 f6 27. Re4 c5 28. Bxe5 fxe5 29. Rh4 Qf7 30. Rg4 Rxd4 31. Rdxd4 exd4 0-1

[Event "FIDE WCCC Girls-10 2024"]
[Site "Montesilvano"]
[Date "2024.11.25"]
[Round "10.28"]
[White "Gastaldo, Agathe"]
[Black "Lisboa, Maria Eduarda Mazzar"]
[Result "0-1"]
[ECO "B01"]
[WhiteElo "1589"]
[BlackElo "1490"]
[Annotator "NA RC"]
[PlyCount "62"]
[EventDate "2024.11.18"]
[EventType "swiss"]
[EventCountry "ITA"]
[SourceTitle "playchess.com"]
[Source "ChessBase"]
[SourceQuality "1"]
[TimeControl "5400+30"]

1. e4 d5 2. exd5 Qxd5 3. Nc3 Qa5 4. d4 c6 5. Bc4 Bf5 6. Nf3 Nf6 7. Ne5 e6 8. g4 Bg6 9. h4 Nbd7 10. Nxd7 Nxd7 11. h5 Be4 12. O-O Bd5 13. Bd3 Bd6 14. Qe2 O-O-O 15. Nd1 Qc7 16. f3 c5 17. c4 Bc6 18. Be3 g6 19. hxg6 hxg6 20. Rf2 Rh7 21. Rg2 Rdh8 22. Nf2 Qb6 23. Rd1 cxd4 24. Bxd4 Qxd4 25. Kf1 Rh1+ 26. Rg1 Rxg1+ 27. Kxg1 Qf4 28. Be4 Qg3+ 29. Kf1 Bc5 30. Rd2 Rh1+ 31. Nxh1 Qg1# 0-1

[Event "FIDE WCCC Girls-10 2024"]
[Site "Montesilvano"]
[Date "2024.11.25"]
[Round "10.29"]
[White "Rzadkowska, Lila"]
[Black "Sobirova, Mumtozbegim"]
[Result "1-0"]
[ECO "D41"]
[WhiteElo "1765"]
[BlackElo "1476"]
[Annotator "NA RC"]
[PlyCount "73"]
[EventDate "2024.11.18"]
[EventType "swiss"]
[EventCountry "ITA"]
[SourceTitle "playchess.com"]
[Source "ChessBase"]
[SourceQuality "1"]
[TimeControl "5400+30"]

1. d4 Nf6 2. c4 e6 3. Nc3 d5 4. cxd5 Nxd5 5. e4 Nxc3 6. bxc3 c5 7. Nf3 cxd4 8. cxd4 Bb4+ 9. Bd2 Bxd2+ 10. Qxd2 O-O 11. Be2 b6 12. O-O Bb7 13. Bd3 Nc6 14. Bc2 Rc8 15. Bb3 Ne7 16. Rfe1 Ng6 17. Rad1 Qc7 18. d5 exd5 19. exd5 Qf4 20. Qxf4 Nxf4 21. Re7 Ba6 22. d6 Ng6 23. Rxa7 Be2 24. d7 Rcd8 25. Rd6 Bxf3 26. gxf3 Ne5 27. f4 Nf3+ 28. Kh1 Nh4 29. Rxb6 Nf5 30. Rc7 Ne7 31. a4 h6 32. a5 Nf5 33. a6 h5 34. a7 Ne7 35. Rcb7 g6 36. Rb8 Rxb8 37. axb8=Q 1-0

[Event "FIDE WCCC Girls-10 2024"]
[Site "Montesilvano"]
[Date "2024.11.25"]
[Round "10.30"]
[White "Guerra Mansilla, Maria Ignacia"]
[Black "Stoica, Melina-Theodora"]
[Result "1/2-1/2"]
[ECO "A14"]
[WhiteElo "1545"]
[BlackElo "1675"]
[Annotator "NA RC"]
[PlyCount "26"]
[EventDate "2024.11.18"]
[EventType "swiss"]
[EventCountry "ITA"]
[SourceTitle "playchess.com"]
[Source "ChessBase"]
[SourceQuality "1"]
[TimeControl "5400+30"]

1. c4 e6 2. b3 d5 3. Nf3 Nf6 4. Bb2 Be7 5. g3 c6 6. Bg2 O-O 7. O-O Nbd7 8. d3 b6 9. Nbd2 Bb7 10. Qc2 Rc8 11. Rac1 c5 12. e3 Qc7 13. Qd1 Qd8 1/2-1/2

[Event "FIDE WCCC Girls-10 2024"]
[Site "Montesilvano"]
[Date "2024.11.25"]
[Round "10.32"]
[White "Xin, Lisa J."]
[Black "Mamarasulova, Yasmina"]
[Result "1-0"]
[ECO "D04"]
[WhiteElo "1602"]
[BlackElo "1444"]
[Annotator "NA RC"]
[PlyCount "39"]
[EventDate "2024.11.18"]
[EventType "swiss"]
[EventCountry "ITA"]
[SourceTitle "playchess.com"]
[Source "ChessBase"]
[SourceQuality "1"]
[TimeControl "5400+30"]

1. d4 Nf6 2. Nf3 d5 3. e3 c5 4. b3 cxd4 5. exd4 g6 6. Bb2 Bg7 7. Bd3 O-O 8. O-O Nc6 9. a3 Nh5 10. g3 Bh3 11. Re1 Qd7 12. Nbd2 Nf4 13. Bb5 Ne6 14. Ne5 Bxe5 15. dxe5 a6 16. Bd3 Nc5 17. Bf1 e6 18. Bxh3 Ne7 19. Qf3 Rac8 20. Rad1 1-0

[Event "FIDE WCCC Girls-10 2024"]
[Site "Montesilvano"]
[Date "2024.11.25"]
[Round "10.35"]
[White "Macchia-Shahar, Yali"]
[Black "Li, Grace"]
[Result "1-0"]
[ECO "C78"]
[WhiteElo "1564"]
[BlackElo "1529"]
[Annotator "NA RC"]
[PlyCount "149"]
[EventDate "2024.11.18"]
[EventType "swiss"]
[EventCountry "ITA"]
[SourceTitle "playchess.com"]
[Source "ChessBase"]
[SourceQuality "1"]
[TimeControl "5400+30"]

1. e4 e5 2. Nf3 Nc6 3. Bb5 a6 4. Ba4 b5 5. Bb3 Nf6 6. O-O Bc5 7. Nxe5 Nxe5 8. d4 Bxd4 9. Qxd4 Nc6 10. Qd1 O-O 11. Re1 Re8 12. Bg5 h6 13. Bh4 g5 14. Bg3 d6 15. h3 Bb7 16. Nc3 Na5 17. Qf3 Nxb3 18. cxb3 Re6 19. h4 Kg7 20. Re3 Qh8 21. Qf5 Bc8 22. hxg5 hxg5 23. Qxg5+ Kf8 24. e5 Ne8 25. exd6 cxd6 26. Rd1 Ra7 27. Rxe6 Bxe6 28. Bxd6+ Nxd6 29. Rxd6 Ra8 30. Rd1 Ra7 31. Rd6 Ra8 32. Qf4 Re8 33. Qg5 Ra8 34. Qf4 Re8 35. Qd4 Qh6 36. Rd8 Rxd8 37. Qxd8+ Kg7 38. Ne2 Bg4 39. Qd4+ Kf8 40. Qxg4 Qh7 41. Qc8+ Kg7 42. Qd8 Qh6 43. Qd4+ Kf8 44. Qg4 Qh7 45. Qc8+ Kg7 46. Qc3+ Kf8 47. Qc1 Qh5 48. Ng3 Qg6 49. Qc5+ Kg7 50. Qf5 Qxf5 51. Nxf5+ Kf6 52. Ne3 Ke6 53. Kf1 a5 54. Ke2 Ke5 55. Kd3 f6 56. a4 Kd6 57. Ke4 b4 58. Nc4+ Ke6 59. Nxa5 f5+ 60. Kd4 Kd6 61. Nc4+ Ke6 62. Ne3 f4 63. Nd5 Kf5 64. Nxf4 Kxf4 65. a5 Kf5 66. a6 Kf6 67. a7 Ke6 68. a8=Q Kd6 69. Qa6+ Kc7 70. Kd5 Kb8 71. Qh6 Kb7 72. Kc5 Kc7 73. Qg7+ Kb8 74. Kc6 Ka8 75. Qb7# 1-0

[Event "FIDE WCCC Girls-10 2024"]
[Site "Montesilvano"]
[Date "2024.11.25"]
[Round "10.36"]
[White "Vitsiuk, Aleksandra"]
[Black "Bjerregaard Hagen, Frida"]
[Result "0-1"]
[ECO "C01"]
[WhiteElo "1476"]
[BlackElo "1815"]
[Annotator "NA RC"]
[PlyCount "118"]
[EventDate "2024.11.18"]
[EventType "swiss"]
[EventCountry "ITA"]
[SourceTitle "playchess.com"]
[Source "ChessBase"]
[SourceQuality "1"]
[TimeControl "5400+30"]

1. e4 e6 2. d4 d5 3. exd5 exd5 4. Nf3 Nf6 5. Bd3 Bd6 6. O-O O-O 7. Bg5 Bg4 8. Nbd2 Nbd7 9. h3 Bh5 10. Bf5 h6 11. Bh4 Be7 12. Re1 c6 13. Re3 Bg6 14. Bxd7 Qxd7 15. Qe2 Bd8 16. c3 Nh7 17. Ne5 Qd6 18. Bg3 Qe6 19. Nb3 Bb6 20. Nc4 Qf6 21. Nd6 Bc7 22. Ne8 Qd8 23. Nxc7 Rc8 24. Re7 Be4 25. f3 Qxe7 26. fxe4 Rxc7 27. Bxc7 Qxc7 28. exd5 cxd5 29. Re1 Qg3 30. Nc5 Ng5 31. Kh1 b6 32. Nd3 Ne4 33. Qe3 Qxe3 34. Rxe3 f6 35. Kg1 Kf7 36. Nf2 f5 37. g4 g6 38. Nd3 fxg4 39. hxg4 Kg7 40. Kg2 h5 41. gxh5 gxh5 42. Kh3 Kh6 43. Kh4 Rf1 44. Kh3 Kg5 45. Kg2 Rf8 46. Re2 h4 47. Ne5 Kh5 48. Kh3 Rf2 49. Rxf2 Nxf2+ 50. Kg2 Nd1 51. Nd3 Kg4 52. Ne5+ Kf4 53. Kh3 Nxb2 54. Kxh4 Ke3 55. Kg5 Kd2 56. Kf6 Kxc3 57. Ke6 Kxd4 58. Nc6+ Kc5 59. Nxa7 d4 0-1

[Event "FIDE WCCC Girls-10 2024"]
[Site "Montesilvano"]
[Date "2024.11.25"]
[Round "10.38"]
[White "Khelfallah, Ikhlas"]
[Black "Camacho Chavez, Nirvana"]
[Result "1-0"]
[ECO "B13"]
[WhiteElo "1449"]
[BlackElo "1638"]
[Annotator "NA RC"]
[PlyCount "77"]
[EventDate "2024.11.18"]
[EventType "swiss"]
[EventCountry "ITA"]
[SourceTitle "playchess.com"]
[Source "ChessBase"]
[SourceQuality "1"]
[TimeControl "5400+30"]

1. e4 c6 2. d4 d5 3. exd5 cxd5 4. Bd3 Nc6 5. c3 Qc7 6. Ne2 Bg4 7. O-O Bxe2 8. Qxe2 e6 9. Nd2 Bd6 10. Nf3 Nf6 11. h3 O-O 12. Bg5 Nd7 13. Rfe1 h6 14. Be3 Rac8 15. Qd2 Nb6 16. Rac1 Rfe8 17. Bb1 Nc4 18. Qc2 f5 19. Rcd1 N6a5 20. Bc1 b5 21. Re2 Qb6 22. Rde1 Bf8 23. Nh4 b4 24. Nxf5 Rc7 25. Bf4 Rb7 26. Qd3 bxc3 27. Qg3 g5 28. h4 Bg7 29. hxg5 hxg5 30. Qxg5 Qc6 31. Nh6+ Kf8 32. Qg6 Rf7 33. Nxf7 Bxd4 34. Bh6+ Bg7 35. Qxg7+ Ke7 36. Ne5+ Kd6 37. Nxc6 Nxc6 38. Qxc3 N6e5 39. Bf4 1-0

[Event "FIDE WCCC Girls-10 2024"]
[Site "Montesilvano"]
[Date "2024.11.25"]
[Round "10.39"]
[White "Macakova, Bianka"]
[Black "Muradli, Sabira"]
[Result "1-0"]
[ECO "C32"]
[WhiteElo "1610"]
[BlackElo "1430"]
[Annotator "NA RC"]
[PlyCount "65"]
[EventDate "2024.11.18"]
[EventType "swiss"]
[EventCountry "ITA"]
[SourceTitle "playchess.com"]
[Source "ChessBase"]
[SourceQuality "1"]
[TimeControl "5400+30"]

1. e4 e5 2. f4 d5 3. exd5 e4 4. d3 Nf6 5. Nc3 Bc5 6. dxe4 Ng4 7. Nh3 O-O 8. Qf3 Re8 9. Bd2 Nf6 10. e5 Bb4 11. Bc4 Bf5 12. Nf2 Bxc3 13. Bxc3 Bxc2 14. O-O Nfd7 15. e6 Nb6 16. exf7+ Kxf7 17. Qg4 g6 18. Nh3 Nxc4 19. f5 Kg8 20. Qxc4 Re4 21. Qc5 Nd7 22. Qf2 Bd3 23. fxg6 Qf8 24. gxh7+ Kxh7 25. Qxf8 Nxf8 26. Ng5+ Kg6 27. Nxe4 Bxe4 28. Rf6+ Kg5 29. Raf1 Nd7 30. Bd2+ Kh5 31. Rh6+ Kg4 32. h3+ Kg3 33. Bf4# 1-0

[Event "FIDE WCCC Girls-10 2024"]
[Site "Montesilvano"]
[Date "2024.11.25"]
[Round "10.43"]
[White "Minasyan, Arina"]
[Black "Kocherha, Yelizavieta"]
[Result "1/2-1/2"]
[ECO "D11"]
[WhiteElo "1545"]
[BlackElo "1523"]
[Annotator "NA RC"]
[PlyCount "56"]
[EventDate "2024.11.18"]
[EventType "swiss"]
[EventCountry "ITA"]
[SourceTitle "playchess.com"]
[Source "ChessBase"]
[SourceQuality "1"]
[TimeControl "5400+30"]

1. d4 d5 2. Nf3 Nf6 3. c4 c6 4. e3 Bg4 5. h3 Bh5 6. c5 e6 7. Be2 Nbd7 8. O-O b6 9. b4 a5 10. bxa5 bxc5 11. dxc5 Bxc5 12. Bd2 O-O 13. Nc3 Bb4 14. a6 Bxf3 15. Bxf3 Rxa6 16. Qc2 h6 17. Nxd5 Bxd2 18. Nxf6+ Nxf6 19. Rfd1 Qc7 20. Rxd2 c5 21. Rb1 Rb6 22. Rxb6 Qxb6 23. Rd3 e5 24. Rb3 Qa6 25. Be2 Qc6 26. Rc3 Rc8 27. Rc4 e4 28. Ra4 Rc7 1/2-1/2

[Event "FIDE WCCC Girls-10 2024"]
[Site "Montesilvano"]
[Date "2024.11.25"]
[Round "10.44"]
[White "Damaso Tacoronte, Carolina"]
[Black "Ritinioti, Sofia"]
[Result "1-0"]
[ECO "B08"]
[WhiteElo "1875"]
[BlackElo "1534"]
[Annotator "NA RC"]
[PlyCount "127"]
[EventDate "2024.11.18"]
[EventType "swiss"]
[EventCountry "ITA"]
[SourceTitle "playchess.com"]
[Source "ChessBase"]
[SourceQuality "1"]
[TimeControl "5400+30"]

1. e4 d6 2. d4 Nf6 3. Nc3 g6 4. Nf3 Bg7 5. Be3 O-O 6. Qd2 c6 7. e5 dxe5 8. Nxe5 Nbd7 9. Nxd7 Bxd7 10. h3 h5 11. O-O-O b5 12. Bh6 Qa5 13. Kb1 b4 14. Ne2 Be6 15. b3 Qa3 16. Bxg7 Kxg7 17. f3 a5 18. Qc1 Qxc1+ 19. Kxc1 Nd5 20. g4 h4 21. Kb1 g5 22. Kb2 Rac8 23. Rd3 c5 24. dxc5 Rxc5 25. Bg2 Rfc8 26. Rc1 Nc3 27. Nxc3 Rxc3 28. Rxc3 Rxc3 29. Rd1 f5 30. Re1 Kf6 31. a3 f4 32. axb4 axb4 33. Re4 Bd5 34. Rxb4 Re3 35. Rd4 Bxf3 36. Bxf3 Rxf3 37. c4 Rxh3 38. c5 f3 39. Rd2 f2 40. Rxf2+ Ke6 41. Rd2 Re3 42. c6 Re5 43. Rc2 h3 44. c7 h2 45. c8=Q+ Kd5 46. Rxh2 e6 47. Rd2+ Ke4 48. Re2+ Kf4 49. Qf8+ Kg3 50. Rxe5 Kxg4 51. Rxe6 Kg3 52. Rg6 Kg4 53. Rxg5+ Kxg5 54. b4 Kg6 55. b5 Kg5 56. b6 Kg6 57. b7 Kg5 58. b8=Q Kg4 59. Qb6 Kg3 60. Qbf2+ Kg4 61. Q8f4+ Kh5 62. Q4g3 Kh6 63. Qfg2 Kh5 64. Qg5# 1-0